 Dungeon Crawl Stone Soup version 0.28-a0-1429-gf3d713df7a (webtiles) character file.

Game seed: 15522647507147022265

63 YayAnonymity the Vandal (level 3, -13/27 HPs)
             Began as a Demonspawn Hunter on Jan 9, 2022.
             Killed by divine providence
             ... invoked by an orc priest
              (14 damage)
             ... on level 3 of the Dungeon.
             The game lasted 00:02:39 (1669 turns).

YayAnonymity the Vandal (Demonspawn Hunter)         Turns: 1669, Time: 00:02:39

Health: -13/27     AC:  6    Str: 14    XL:     3   Next: 89%
Magic:  3/3        EV: 12    Int: 12    God:
Gold:   48         SH:  0    Dex: 13    Spells: 2/2 levels left

rFire   . . .      SeeInvis +   a - +1 hunting sling
rCold   . . .      Faith    .   (no shield)
rNeg    . . .      Spirit   .   c - +0 leather armour
rPois   .          Reflect  .   (helmet restricted)
rElec   .          Harm     .   (no cloak)
rCorr   .          Rampage  .   j - +2 pair of gloves
Will    .....                   (no boots)
Stlth   +.........              (no amulet)
HPRegen 0.09/turn               k - ring of see invisible
MPRegen 0.08/turn               (no ring)

@: no status effects
A: horns 1
a: no special abilities


You were on level 3 of the Dungeon.
You visited 1 branch of the dungeon, and saw 3 of its levels.

You collected 48 gold pieces.

Inventory:

Hand Weapons
 a - a +1 hunting sling (weapon)
 b - a +3 dagger
Missiles
 d - 46 sling bullets
 e - 68 stones (quivered ammo)
Armour
 c - a +0 leather armour (worn)
 j - a +2 pair of gloves (worn)
Jewellery
 k - a ring of see invisible (left hand)
Scrolls
 f - 3 scrolls of identify {unknown}
 g - a scroll of fear {unknown}
 i - a scroll of vulnerability {unknown}
Potions
 h - a potion of degeneration {unknown}


   Skills:
 - Level 2.0 Fighting
 * Level 4.6 Slings
 + Level 2.6 Dodging
 - Level 0.8 Stealth


You had 2 spell levels left.
You didn't know any spells.
Your spell library contained the following spells:

 Spells                   Type           Power      Damage    Failure   Level
 Static Discharge         Conj/Air       0%         N/A       54%         2
 Dispel Undead            Necr           0%         3d6       99%         4
 Sticky Flame             Conj/Fire      0%         2d3       99%         4


Dungeon Overview and Level Annotations

Branches:
Dungeon (3/15)

Altars:


Innate Abilities, Weirdness & Mutations

You have a pair of small horns on your head.


Message History

You shoot a stone.
The stone hits the orc but does no damage.
The orc is severely wounded.
The orc barely misses you.
You shoot a stone. The stone barely misses the orc.
The orc priest shouts!
The orc hits you with a +0 flail. The orc hits you but does no damage.
You shoot a stone. The stone hits the orc.
The orc is almost dead.
A ball python comes into view.
The orc hits you with a +0 flail. The orc hits you with a +0 short sword.
You shoot a stone. The ball python hisses angrily.
The stone hits the orc but does no damage.
The orc is almost dead.
The orc closely misses you.
The orc priest calls upon Beogh to heal the orc.
The orc is healed somewhat.
You shoot a stone. The stone hits the orc.
You kill the orc!
The orc hits you with a +0 flail. As you open the door, it creaks loudly!
A hobgoblin comes into view.
The hobgoblin shouts!
The orc hits you with a +0 flail.
The orc priest invokes the aid of Beogh against you.
Beogh smites you!
* * * LOW HITPOINT WARNING * * *
The hobgoblin closely misses you.
There is an open door here.
The hobgoblin completely misses you.
Items here: ( ) [ †.
Things that are here:
4 stones; a +0 dagger; 10 gold pieces
There is a stone staircase leading up here.
You see here 2 stones.
The orc priest invokes the aid of Beogh against you.
Beogh smites you!
Ouch! That really hurt!
You die...

#<#.# #.#.# # #.#.#
#.#...# #.#.######
#........# #
###.##...# ##+#
#.#(#(g......#.....
#.((.@o(.o..(......
##.####S###'#.....
............# ....
####.###.##### .
.... #..#.# #..#.#
## #.# #.#


You could see an orc priest, an orc, a hobgoblin and a ball python.

Vanquished Creatures
  An adder (D:2)
  3 dart slugs (D:1)
  A worm (D:2)
  2 orcs (D:3)
  2 ball pythons (D:2)
  5 endoplasms
  4 goblins
  4 hobgoblins
  4 jackals (D:2)
  2 kobolds
  A quokka (D:1)
  5 bats
  6 frilled lizards (D:2)
  A rat (D:1)
41 creatures vanquished.

Notes
Turn   | Place    | Note
-------+----------+-------------------------------------------
     0 | D:1      | YayAnonymity the Demonspawn Hunter began the quest for the
                  | Orb.
     0 | D:1      | Reached XP level 1. HP: 16/16 MP: 1/1
   148 | D:1      | Discovered your monstrous ancestry.
   148 | D:1      | Gained mutation: You have a pair of small horns on your
                  | head. [demonic ancestry]
   148 | D:1      | Reached XP level 2. HP: 22/22 MP: 2/2
   238 | D:1      | Reached skill level 4 in Slings
   420 | D:1      | Found a faded altar of an unknown god.
   739 | D:2      | Reached XP level 3. HP: 27/27 MP: 3/3
  1661 | D:3      | HP: 1/27 [orc priest/divine providence (10)]
  1669 | D:3      | Killed from afar by an orc priest

Illustrated notes

Levels and vault maps discovered:
D:1:      nzn_arrival_depleted_hourglass, layout_basic,
          dreamdust_ecumenical_altar_hidden_monk_grotto,
          chequers_serial_rivers_micro_a
D:2:      layout_loops_ring, minmay_lizard_pond
D:3:      layout_basic, uniq_grinder

Skill      XL: |  1  2 |
---------------+-------+-----
Dodging        | 2 |  2.6
Slings         | 4 |  4.6
Fighting       | |  2.0
Stealth        | |  0.8

Action                   || total
-------------------------++-------
Melee: Short sword       ||     7
       Headbutt          ||     1
 Fire: Hunting sling     ||   119
Armor: Leather armour    ||     9
Dodge: Dodged            ||    42

Table legend: (Time is in decaauts)
 A = Elapsed time spent in this place.
 B = Non-inter-level travel time spent in this place.
 C = Inter-level travel time spent in this place.
 D = Time resting spent in this place.
 E = Time spent auto-exploring this place.
 F = Levels seen in this place.
 G = Mean time per level.
                   A        B        C        D        E       F      G
               +--------+--------+--------+--------+--------+-----+--------+
         Total |   1670 |   1473 |    197 |      0 |   1212 |   3 |  556.7 |
       Dungeon |   1670 |   1473 |    197 |      0 |   1212 |   3 |  556.7 |
               +--------+--------+--------+--------+--------+-----+--------+

Top non-repeatable levels by time:
     D:2: 932 daAuts
     D:1: 676 daAuts
     D:3: 61 daAuts
